Map: 카이로스 정션 - 래더

Players

Stats

  • Race: Protoss Protoss
  • League: Grandmaster
  • Spawn Location: 5:00

GuMiho - Winner!

  • Race: Terran Terran
  • League: Grandmaster
  • Spawn Location: 11:00

Event: IEM Season 13 - Katowice Server Qualifiers Asia 2

VOD

Have the link to the VOD?

Description

Time

  • Played on: Jan. 22, 2019, 6:41 a.m.
  • Length: 9:32

All games in this series

Show
View Real Time Build Order
Export as new Build Order

Stats Protoss 

Build Orders: 1 Gate Expand, Oracle Opening, Blink Stalkers 

Get SALT Encoding   

  12  0:00  Probe  
  13  0:13  Probe  
  14  0:18  Pylon  
  14  0:24  Probe  
  15  0:32  Probe  
  15  0:38  Gateway  
  15  0:40  Probe  
  16  0:46  Assimilator  
  17  0:51  Probe  
  18  1:03  Probe  
  19  1:15  Probe  
  20  1:23  Nexus  
  20  1:32  Cybernetics Core  
  20  1:36  Probe  
  21  1:41  Assimilator  
  21  1:48  Probe  
  21  1:52  Pylon  
  22  2:00  Probe  
  22  2:01  Adept  
  23  2:09  Warp Gate  
  23  2:12  Probe  
  26  2:24  Probe  
  26  2:28  Sentry  
  29  2:31  Probe  
  29  2:33  Probe  
  31  2:39  Probe, Twilight Council  
  31  2:41  Probe  
  32  2:49  Oracle  
  32  2:50  Probe  
  32  2:51  Probe  
  33  2:54  Stalker  
  37  3:02  Probe  
  37  3:03  Probe  
  37  3:05  Blink  
  39  3:14  Probe, Gateway  
  39  3:15  Probe  
  39  3:18  Gateway  
  41  3:26  Probe  
  42  3:27  Probe  
  45  3:37  Pylon  
  45  3:39  Probe  
  44  3:41  Probe  
  44  3:42  Robotics Facility  
  45  3:52  Probe  
  45  3:55  Probe  
  47  3:58  Shield Battery  
  47  4:00  Pylon  
  47  4:02  Assimilator  
  47  4:05  Assimilator  
  47  4:07  Probe  
  48  4:12  Stalker x3  
  54  4:19  Pylon  
  52  4:33  Robotics Bay  
  52  4:34  Probe x2  
  52  4:38  Forge  
  54  4:42  Stalker x2  
  58  4:46  Stalker  
  58  4:49  Pylon  
  60  4:55  Observer  
  61  5:01  Nexus  
  61  5:04  Pylon  
  61  5:10  Stalker x2  
  61  5:11  Stalker  
  66  5:27  Probe x2  
  52  5:35  Stalker  
  52  5:36  Stalker  
  52  5:50  Immortal  
  42  5:59  Stalker  
  42  6:00  Stalker  
  42  6:01  Probe x2  
  50  6:15  Gateway x2  
  50  6:19  Stalker  
  52  6:27  Colossus  
  52  6:31  Probe x2  
  52  6:32  Probe  
  61  6:36  Stalker  
  63  6:43  Probe  
  60  6:54  Probe x2  
  58  7:01  Probe  
  58  7:03  Protoss Ground Weapons Level 1  
  58  7:04  Probe  
  58  7:06  Probe  
  60  7:09  Probe  
  60  7:12  Probe  
  60  7:13  Colossus  
  60  7:14  Probe  
  62  7:17  Probe, Extended Thermal Lance  
  62  7:20  Probe  
  71  7:23  Probe  
  71  7:28  Probe, Pylon  
  71  7:29  Probe  
  74  7:31  Probe  
  76  7:37  Sentry x2, Probe, Zealot  
  76  7:39  Probe  
  76  7:40  Probe  
  76  7:41  Pylon  
  82  7:52  Probe  
  82  7:53  Probe x2  
  83  7:59  Colossus  
  83  8:04  Probe  
  83  8:05  Probe x2  
  86  8:11  Zealot x3  
  98  8:14  Gateway  
  98  8:15  Gateway  
  98  8:16  Gateway  
  98  8:20  Assimilator  
  98  8:24  Assimilator  
  97  8:31  Shield Battery  
  97  8:34  Pylon, Shield Battery  
  97  8:37  Stalker x2  
  101  8:43  Forge  
  101  8:45  Stalker  
  84  9:10  Zealot x6  
Show
View Real Time Build Order
Export as new Build Order

GuMiho Terran - Winner!

Build Orders: Cyclone Opening 

Get SALT Encoding   

  12  0:00  SCV  
  13  0:12  SCV  
  14  0:17  Supply Depot  
  14  0:24  SCV  
  15  0:39  SCV  
  15  0:40  Barracks  
  16  0:43  Refinery  
  16  0:51  SCV  
  17  1:03  SCV  
  18  1:15  SCV  
  19  1:26  Marine  
  19  1:27  Orbital Command  
  20  1:42  Command Center  
  20  1:53  Factory  
  20  1:55  SCV  
  21  2:03  Refinery  
  21  2:05  Barracks Reactor  
  21  2:08  SCV  
  22  2:12  Supply Depot  
  22  2:20  SCV  
  23  2:34  SCV  
  24  2:38  Factory Tech Lab  
  24  2:39  Starport  
  24  2:41  Marine  
  24  2:42  Marine  
  26  2:46  SCV  
  27  2:57  Cyclone  
  30  2:59  Marine x2  
  30  3:00  SCV  
  33  3:07  Orbital Command  
  33  3:12  SCV  
  34  3:15  Medivac  
  34  3:17  Marine  
  37  3:20  Marine  
  37  3:24  Supply Depot  
  38  3:28  Refinery  
  38  3:30  SCV  
  38  3:33  SCV  
  40  3:39  Marine x2  
  42  3:42  Siege Tank  
  42  3:47  SCV  
  46  3:52  Viking  
  46  3:55  Supply Depot  
  48  3:57  SCV  
  48  4:00  Marine  
  48  4:01  Marine  
  51  4:05  Supply Depot  
  51  4:07  SCV  
  51  4:09  SCV  
  56  4:17  Siege Tank  
  56  4:24  Marine  
  56  4:25  Marine  
  56  4:28  SCV x2  
  56  4:30  Viking  
  62  4:37  Supply Depot  
  62  4:40  SCV x2  
  62  4:44  Marine x2  
  66  4:46  Liberator, Supply Depot  
  66  4:53  Siege Tank  
  66  4:56  SCV  
  66  4:58  SCV  
  71  5:06  Marine  
  75  5:10  Marine  
  75  5:13  SCV x2  
  78  5:18  Bunker  
  75  5:21  Bunker  
  75  5:24  Marine  
  75  5:27  Marine  
  69  5:34  SCV x2  
  65  5:36  Siege Tank  
  65  5:42  Marine  
  65  5:45  Marine  
  65  5:46  SCV x2  
  59  5:58  SCV  
  59  5:59  SCV, Starport Tech Lab  
  59  6:00  Marine  
  62  6:11  Marine, SCV x2, Siege Tank  
  66  6:15  Barracks  
  66  6:21  Barracks, Banshee  
  66  6:23  SCV  
  69  6:28  SCV  
  69  6:30  Marine x2  
  72  6:35  SCV  
  72  6:37  Engineering Bay  
  73  6:40  SCV  
  73  6:42  Barracks x2  
  73  6:43  Siege Tank  
  74  6:47  SCV  
  74  6:50  Marine x2  
  74  6:52  SCV  
  73  6:59  SCV  
  72  7:04  Refinery, SCV  
  72  7:05  Barracks Tech Lab  
  72  7:08  Marine  
  70  7:10  Terran Infantry Weapons Level 1  
  70  7:13  Marine  
  70  7:14  Command Center  
  70  7:15  Starport Reactor, Siege Tank  
  75  7:18  Stimpack  
  77  7:23  Marauder  
  77  7:25  Combat Shield, Supply Depot, Marauder  
  77  7:27  Supply Depot  
  77  7:28  Marine  
  77  7:29  Barracks Tech Lab, Barracks Reactor  
  80  7:36  Supply Depot  
  80  7:38  Supply Depot  
  80  7:41  Supply Depot  
  80  7:46  Marauder x2  
  80  7:50  Marauder  
  85  7:52  Marine, Siege Tank  
  85  7:53  Concussive Shells  
  85  7:58  Medivac  
  91  8:01  Medivac  
  91  8:02  Marine  
  94  8:07  Marine x2, Marauder  
  94  8:11  Marauder  
  100  8:13  Supply Depot  
  100  8:24  Siege Tank  
  103  8:31  Medivac  
  103  8:33  Marine  
  103  8:34  Marine x2  
  108  8:35  Marine x3  
  108  8:36  Marine  
  108  8:38  Supply Depot, Medivac  
  108  8:39  Supply Depot  
  108  8:40  SCV  
  108  8:41  SCV  
  116  8:53  Marine x2, Marauder x2  
  116  8:55  Marine, Marauder  
  125  9:01  Marine  
  121  9:11  Marine x2  

Tags
 
Add a new tag
Caveats
  • Supply blocks, unpowered buildings, or Contaminate may cause inaccurate times.
  • Supply counts are checked every 10 seconds.